 Dungeon Crawl Stone Soup version 0.21.1-1-g345015f (webtiles) character file.

2800 Lilu the Thaumaturge (level 9, -4/57 HPs)
             Began as a Deep Elf Conjurer on July 24, 2018.
             Was a Follower of Vehumet.
             Slain by a wyvern (13 damage)
             ... on level 8 of the Dungeon.
             The game lasted 01:00:55 (10530 turns).

Lilu the Thaumaturge (Deep Elf Conjurer)           Turns: 10530, Time: 01:00:56

Health: -4/57      AC:  5    Str:  8    XL:     9   Next: 44%
Magic:  3/24       EV: 13    Int: 25    God:    Vehumet [*.....]
Gold:   461        SH:  0    Dex: 15    Spells: 15/26 levels left

rFire    . . .     SeeInvis .   a - +1 flail (protect)
rCold    . . .     Gourm    .   (no shield)
rNeg     . . .     Faith    +   B - +1 robe
rPois    .         Spirit   .   (no helmet)
rElec    .         Reflect  .   (no cloak)
rCorr    .         Harm     .   D - +0 pair of gloves
MR       .....                  t - +0 pair of boots
Stlth    +++.......             x - amulet of faith
HPRegen  0.19/turn              l - +4 ring of intelligence
MPRegen  0.19/turn              r - ring of stealth

@: no status effects
A: no striking features
a: Renounce Religion


You were on level 8 of the Dungeon.
You worshipped Vehumet.
Vehumet was aware of your devotion.
You were hungry.

You visited 2 branches of the dungeon, and saw 9 of its levels.
You also visited: Sewer.

You collected 461 gold pieces.

Inventory:

Hand Weapons
 a - a +1 flail of protection (weapon)
Missiles
 h - 24 poisoned needles
 o - 57 stones
 y - 3 poisoned tomahawks (quivered)
 L - 2 throwing nets
Armour
 t - a +0 pair of boots (worn)
 B - a +1 robe (worn)
 D - a +0 pair of gloves (worn)
Magical Staves
 O - an uncursed staff of earth
Jewellery
 f - an uncursed ring of positive energy
 l - a +4 ring of intelligence (left hand)
 r - a ring of stealth (right hand)
 u - an uncursed ring of protection from cold
 x - an amulet of faith (around neck)
 A - an uncursed ring of protection from magic
Wands
 d - a wand of digging (9)
 v - a wand of random effects (20)
Scrolls
 e - 6 scrolls of teleportation
 i - 2 scrolls of enchant armour
 j - 2 scrolls of fear
 k - a scroll of blinking
 n - 2 scrolls of identify
 q - 3 scrolls of enchant weapon
 w - a scroll of noise {unknown}
 E - a scroll of immolation {unknown}
 H - a scroll of fog
 I - 2 scrolls of magic mapping {unknown}
 K - a scroll of amnesia
Potions
 g - a potion of brilliance
 m - a potion of flight {unknown}
 p - 4 potions of curing
 s - 4 potions of magic {unknown}
 z - a potion of might
 F - a potion of agility {unknown}
 G - 3 potions of haste {unknown}
 J - 2 potions of heal wounds {unknown}
 M - a potion of resistance {unknown}
Books
 b - a book of Conjurations

   Spells                             Type                      Level
   a - Magic Dart                     Conjuration                  1
   b - Searing Ray                    Conjuration                  2
   c - Dazzling Spray                 Conjuration/Hexes            3
   d - Fulminant Prism                Conjuration/Hexes            4
   e - Force Lance                    Conjuration/Translocation    4
   f - Iskenderun's Mystic Blast      Conjuration                  4
Comestibles
 c - 8 rations
 N - 8 chunks of flesh


   Skills:
 + Level 7.1 Fighting
 - Level 2.4 Dodging
 - Level 2.4 Stealth
 - Level 9.0 Spellcasting
 - Level 8.0 Conjurations
 - Level 4.0 Translocations


You had 15 spell levels left.
You knew the following spells:

 Your Spells              Type           Power        Failure   Level  Hunger
a - Magic Dart            Conj           ####         1%          1    None
b - Searing Ray           Conj           ######       1%          2    None
c - Iskenderun's Mystic   Conj           ######..     1%          4    ##.....
d - Force Lance           Conj/Tloc      #####...     4%          4    ##.....


Dungeon Overview and Level Annotations

Branches:
Dungeon (8/15)             Temple (1/1) D:7
   Lair: D:8-11

Altars:
Ashenzari
Cheibriados
Dithmenos
Elyvilon
Gozag
Hepliaklqana
Nemelex Xobeh
Okawaru
Qazlal
Ru
Sif Muna
Trog
Uskayaw
Vehumet
Wu Jian
Xom
Yredelemnul
Zin

Shops:
D:5 :


Message History

Confirm with . or Enter, or press ? or * to list all spells.
Aiming: Iskenderun's Mystic Blast
Press: ? - help, Shift-Dir - straight line, f/p - wyvern
Aim: a wyvern (moderately wounded)
The orb of energy hits the wyvern.
The wyvern is almost dead.
You are feeling hungry.
The wyvern barely misses you. The wyvern bites you.
* * * LOW HITPOINT WARNING * * *
The orc warrior drinks a potion.
The orc warrior seems to grow stronger.
A jackal comes into view.
Casting: Iskenderun's Mystic Blast
Confirm with . or Enter, or press ? or * to list all spells.
Aiming: Iskenderun's Mystic Blast
Press: ? - help, Shift-Dir - straight line, f/p - wyvern
Aim: a wyvern (almost dead)
The orb of energy misses the wyvern.
The orb of energy hits the orc warrior.
The orc warrior is almost dead.
The wyvern bites you!
You die...

##. ... ..
... #.##)#
#..#.#
#'####.#)#
...
..o..h.Z(#
#.#
...##oo##
#.# ##l#
#.# #@##
#.# #..#
#.#
##.###.#
##..##'###
#........#
#........#
#........#
#........#
#........#


You could see an orc warrior, a wyvern, an orc, a jackal and a bullfrog
skeleton.

Vanquished Creatures
  Edmund (D:5)
  A water moccasin (D:5)
  2 orc warriors (D:7)
  An ice beast (D:7)
  A black bear (D:7)
  2 ogres
  A phantom (D:5)
  2 centaurs
  4 bullfrogs
  2 killer bees (D:7)
  5 scorpions
  6 howler monkeys
  A jelly (D:5)
  A quasit (D:7)
  A hound (D:7)
  2 orc priests (D:8)
  6 orc wizards
  3 bullfrog skeletons
  A centaur skeleton (D:4)
  2 iguanas
  5 worker ants
  A worker ant zombie (D:5)
  3 gnolls (D:6)
  15 adders
  2 river rats (Sewer)
  2 shadow imps
  An adder zombie (D:5)
  4 oozes
  4 adder skeletons
  4 worms
  A dart slug (D:2)
  7 leopard geckos
  17 orcs
  13 ball pythons
  8 bats
  6 giant cockroaches
  10 goblins
  4 hobgoblins
  5 jackals
  10 kobolds
  6 frilled lizards
  32 rats
  A plant (D:2)
206 creatures vanquished.

Vanquished Creatures (others)
  A plant (D:2)
1 creature vanquished.

Grand Total: 207 creatures vanquished

Notes
Turn   | Place    | Note
-------+----------+-------------------------------------------
     0 | D:1      | Lilu the Deep Elf Conjurer began the quest for the Orb.
     0 | D:1      | Reached XP level 1. HP: 10/10 MP: 6/6
   405 | D:1      | Reached XP level 2. HP: 15/15 MP: 5/8
   673 | D:1      | Learned a level 2 spell: Searing Ray
  1080 | D:2      | Reached skill level 4 in Spellcasting
  1080 | D:2      | Reached skill level 5 in Conjurations
  1080 | D:2      | Reached XP level 3. HP: 19/19 MP: 3/10
  1557 | D:2      | Reached XP level 4. HP: 24/24 MP: 8/12
  1789 | D:2      | Learned a level 4 spell: Iskenderun's Mystic Blast
  1987 | D:2      | You fall through a shaft!
  2331 | D:3      | Found a shadowy altar of Dithmenos.
  3187 | D:4      | Reached XP level 5. HP: 17/28 MP: 7/13
  3265 | D:4      | Found a hazy altar of Hepliaklqana.
  3305 | D:5      | Entered Level 5 of the Dungeon
  3427 | D:4      | Noticed an ogre
  4081 | D:4      | Reached XP level 6. HP: 32/32 MP: 6/14
  4623 | D:4      | Reached skill level 1 in Fighting
  4997 | D:5      | Noticed a water moccasin
  5132 | D:5      | Reached XP level 7. HP: 40/40 MP: 10/15
  5759 | D:5      | Noticed Edmund
  6016 | D:5      | Killed Edmund
  6111 | D:5      | Found Helivuso's Book Boutique.
  6382 | D:5      | Reached skill level 5 in Fighting
  6769 | D:6      | Found a glowing drain.
  6793 | Sewer    | Entered a sewer
  6827 | Sewer    | Reached XP level 8. HP: 49/49 MP: 12/16
  7271 | Sewer    | Reached skill level 5 in Spellcasting
  7531 | Sewer    | Reached skill level 6 in Spellcasting
  8184 | D:7      | Reached skill level 7 in Spellcasting
  8584 | D:7      | Reached skill level 8 in Spellcasting
  8657 | D:7      | Found a staircase to the Ecumenical Temple.
  8789 | Temple   | Entered the Ecumenical Temple
  8829 | Temple   | Became a worshipper of Vehumet
  9047 | D:7      | Reached skill level 9 in Spellcasting
  9207 | D:7      | Learned a level 4 spell: Force Lance
  9275 | D:7      | Reached skill level 1 in Translocations
  9275 | D:7      | Reached XP level 9. HP: 55/55 MP: 15/24
  9876 | D:7      | Reached * piety under Vehumet
  9876 | D:7      | Offered knowledge of Sandblast by Vehumet.
  9996 | D:7      | Found a basalt altar of Yredelemnul.
  9998 | D:7      | Found a hide-covered altar of Uskayaw.
 10002 | D:7      | Found a sacrificial altar of Ru.
 10002 | D:7      | Found an opulent altar of Gozag.
 10002 | D:7      | Found an iron altar of Okawaru.
 10005 | D:7      | Found a bloodstained altar of Trog.
 10006 | D:7      | Found a white marble altar of Elyvilon.
 10007 | D:7      | Found a snail-covered altar of Cheibriados.
 10530 | D:8      | Slain by a wyvern

Skill      XL: |  1  2  3  4  5  6  7  8  9 |
---------------+----------------------------+-----
Spellcasting   | 4 9 |  9.0
Conjurations   | 5 6 7 8 |  8.0
Fighting       | 2 5 6 7 |  7.1
Translocations | 1 4 |  4.0
Dodging        | |  2.4
Stealth        | |  2.4

Action                   |  1- 3 |  4- 6 |  7- 9 || total
-------------------------+-------+-------+-------++-------
Melee: Dagger            |       |   206 |     5 ||   211
       Flail             |       |       |     5 ||     5
Throw: Tomahawk          |       |     1 |       ||     1
 Cast: Magic Dart        |    43 |    76 |   143 ||   262
       Searing Ray       |     3 |    16 |    25 ||    44
       Iskenderun's Myst |       |     3 |    60 ||    63
  Use: Scroll            |       |     2 |     8 ||    10
       Potion            |       |       |     2 ||     2
  Eat: Chunk             |     2 |    11 |    11 ||    24
       Ration            |       |     1 |     2 ||     3
Armor: Robe              |     2 |     2 |    20 ||    24
Dodge: Dodged            |    12 |    24 |    71 ||   107
